 Dungeon Crawl Stone Soup version 0.30.0-20-g3b4254fcbd (webtiles) character file.

Game seed: 10939870283759688278

58 jagang the Conjurer (level 4, -12/27 HPs)
             Began as an Octopode Conjurer on June 2, 2023.
             Killed from afar by Sigmund (14 damage)
             ... with a puff of flame
             ... on level 2 of the Dungeon.
             The game lasted 00:04:12 (1805 turns).

jagang the Conjurer (Octopode Conjurer)             Turns: 1805, Time: 00:04:13

Health: -12/27     AC:  1    Str:  6    XL:     4   Next: 2%
Magic:  1/7        EV: 13    Int: 22    God:
Gold:   112        SH:  0    Dex: 10    Spells: 7/8 levels left

rFire   . . .        h - +0 dagger (speed)
rCold   . . .        d - orb {mayhem}
rNeg    . . .        (helmet restricted)
rPois   .            (no amulet)
rElec   .            (no ring)
rCorr   .            (no ring)
SInv    .            (no ring)
Will    .....        (no ring)
Stlth   +++          (no ring)
HPRegen 0.24/turn    (no ring)
MPRegen 0.10/turn    (no ring)
                     (no ring)

%: mayhem
@: no status effects
A: almost no armour, amphibious, 8 rings, camouflage 1, gelatinous body 1,
(nimble swimmer 1), tentacles
a: no special abilities


You were on level 2 of the Dungeon.
You visited 1 branch of the dungeon, and saw 2 of its levels.

You collected 112 gold pieces.

Inventory:

Hand Weapons
 h - a +0 dagger of speed (weapon)
Armour
 d - an orb of mayhem (worn)
Scrolls
 b - 2 scrolls of enchant weapon {unknown}
 g - 3 scrolls of identify {unknown}
 i - a scroll of brand weapon {unknown}
 j - a scroll of silence {unknown}
 l - a scroll of vulnerability {unknown}
Potions
 a - a potion of magic
 c - 3 potions of curing {unknown}
 e - a potion of heal wounds
 f - a potion of mutation {unknown}
 k - a potion of haste {unknown}


   Skills:
 * Level 2.8 Dodging
 + Level 3.2 Stealth
 * Level 2.6 Spellcasting
 * Level 4.4 Conjurations


You had 7 spell levels left.
You knew the following spells:

 Your Spells              Type           Power      Damage    Failure   Level
a - Magic Dart            Conj           88%        1d7       1%          1

Your spell library contained the following spells:

 Spells                   Type           Power      Damage    Failure   Level
 Searing Ray              Conj           44%        2d6       3%          2
 Dazzling Flash           Conj/Hex       24%        N/A       16%         3
 Ensorcelled Hibernation  Hex/Ice        4%         N/A       21%         2
 Passwall                 Tmut/Erth      1%         N/A       21%         2
 Poisonous Vapours        Pois/Air       4%         N/A       21%         2
 Mephitic Cloud           Conj/Pois/Air  9%         N/A       22%         3
 Swiftness                Air            2%         N/A       36%         3
 Volatile Blastmotes      Fire/Tloc      4%         2d10      36%         3
 Fulminant Prism          Conj/Hex       6%         3d6       45%         4
 Iskenderun's Mystic Bla  Conj/Tloc      12%        2d5       45%         4
 Freezing Cloud           Conj/Ice/Air   4%         6-21      89%         5
 Lee's Rapid Deconstruct  Erth           1%         3d4*      98%         5


Dungeon Overview and Level Annotations

Branches:
Dungeon (2/15)

Altars:

Annotations:
D:2 Sigmund


Innate Abilities, Weirdness & Mutations

You cannot wear most types of armour.
You are amphibious.
You can wear up to eight rings at the same time.
Your skin changes colour to match your surroundings (Stealth+).
Your rubbery body absorbs attacks. (AC +1, EV +1)
((You are camouflaged when in or above water. (Stealth+)))
You have tentacles for arms and can constrict up to eight enemies at once.


Message History

* * * LOW HITPOINT WARNING * * *
You hit Sigmund. Your grab misses Sigmund.
Sigmund is lightly wounded.
You are too injured to fight recklessly!
You are too injured to fight recklessly!
You are too injured to fight recklessly!
You completely miss Sigmund. Your grab misses Sigmund.
Your squeeze misses Sigmund.
Sigmund is lightly wounded.
Press: ? - help, v - describe, . - travel
Here: Sigmund, wielding a +0 scythe and wearing a +0 robe (lightly wounded)
The floor, spattered with blood.
You barely miss Sigmund. You grab Sigmund.
Sigmund is lightly wounded.
You constrict Sigmund, but do no damage.
Sigmund barely misses you.
You hit Sigmund. You squeeze Sigmund.
Sigmund is moderately wounded.
You constrict Sigmund, but do no damage.
You hit Sigmund but do no damage. You squeeze Sigmund.
Sigmund is heavily wounded.
You constrict Sigmund, but do no damage.
Sigmund closely misses you.
You hit Sigmund but do no damage. You squeeze Sigmund, but do no damage.
Sigmund is heavily wounded.
You constrict Sigmund, but do no damage.
You hit Sigmund but do no damage.
Sigmund is heavily wounded.
You constrict Sigmund, but do no damage.
Sigmund closely misses you.
You barely miss Sigmund. You squeeze Sigmund.
Sigmund is heavily wounded.
You constrict Sigmund. You hit Sigmund but do no damage.
You squeeze Sigmund, but do no damage.
Sigmund is heavily wounded.
You constrict Sigmund, but do no damage.
Sigmund gestures at you while chanting. The puff of flame hits you!
Ouch! That really hurt!
You die...

########...# ##
...........# .<#
########...# #.#
..........# #.#
.######.#.## #.#
##.###.# #.# #.#
##.## ##.
#.###.###.###.## ##
#..@@.......†..## ##.
#####.###.#####.###.#
#.# #.# #.>#.## #.#
#.# #....# #.# #.#
#..#.#
#.###.#####..#.##
#...#..........##
###......[...####
##########.# #


You could see Sigmund.

Vanquished Creatures
  An adder (D:2)
  2 worms (D:2)
  A dart slug (D:2)
  4 endoplasms
  3 goblins (D:1)
  3 hobgoblins
  3 jackals (D:2)
  3 quokkas
  3 ball pythons (D:1)
  A bat (D:1)
  2 frilled lizards
  5 kobolds
  7 rats
38 creatures vanquished.

Vanquished Creatures (collateral kills)
  A kobold (D:1)
  A goblin (D:1)
2 creatures vanquished.

Grand Total: 40 creatures vanquished

Notes
Turn   | Place    | Note
-------+----------+-------------------------------------------
     0 | D:1      | jagang the Octopode Conjurer began the quest for the Orb.
     0 | D:1      | Reached XP level 1. HP: 11/11 MP: 3/3
   165 | D:1      | Reached XP level 2. HP: 17/17 MP: 3/5
   732 | D:1      | Reached XP level 3. HP: 21/21 MP: 3/6
  1628 | D:2      | Reached XP level 4. HP: 22/27 MP: 0/7
  1785 | D:2      | Noticed Sigmund
  1796 | D:2      | HP: 1/27 [Sigmund/+0 scythe (8)]
  1805 | D:2      | Killed from afar by Sigmund

Illustrated notes

Levels and vault maps discovered:
D:1:      amcnicky_arrival_double_pillar, layout_basic, minivault_19
D:2:      layout_loops_ring, kennysheep_nub, uniq_sigmund

Skill      XL: |  1  2 |
---------------+-------+-----
Stealth        | 3 |  3.2
Dodging        | |  2.8
Spellcasting   | |  2.6
Conjurations   | |  4.4

Action                     |  1- 3 |  4- 6 || total
---------------------------+-------+-------++-------
  Melee: Unarmed           |     8 |       ||     8
         Constrict         |     4 |     1 ||     5
         Tentacles         |     3 |     5 ||     8
         Dagger            |     8 |    12 ||    20
   Cast: Magic Dart        |    73 |     7 ||    80
 Armour: Skin              |     2 |       ||     2
  Dodge: Dodged            |    15 |     6 ||    21
